 Dungeon Crawl Stone Soup version 0.27.1-34-g3ba077fa99 (webtiles) character file.

Game seed: 18211990966109156586

4 cbfl8 the Sneak (level 1, -8/19 HPs)
             Began as a Minotaur Delver on Jan 16, 2022.
             Mangled by a worm (10 damage)
             ... on level 4 of the Dungeon.
             The game lasted 00:00:33 (93 turns).

cbfl8 the Sneak (Minotaur Delver)                     Turns: 93, Time: 00:00:34

Health: -8/19      AC:  5    Str: 16    XL:     1   Next: 58%
Magic:  0/0        EV: 16    Int:  7    God:
Gold:   10         SH:  0    Dex: 11    Spells: 0/0 levels left

rFire    . . .     SeeInvis .   a - +0 hand axe
rCold    . . .     Faith    .   (no shield)
rNeg     . . .     Spirit   .   b - +0 leather armour
rPois    +         Reflect  .   (helmet restricted)
rElec    .         Harm     .   h - +1 cloak {rPois}
rCorr    .         Rampage  .   (no gloves)
Will     .....                  (no boots)
Stlth    ++........             (no amulet)
HPRegen  0.06/turn              i - +4 ring of evasion
MPRegen  0.07/turn              (no ring)

@: no status effects
A: horns 2, retaliatory headbutt
a: no special abilities


You were on level 4 of the Dungeon.
You visited 1 branch of the dungeon, and saw 2 of its levels.

You collected 10 gold pieces.

Inventory:

Hand Weapons
 a - a +0 hand axe (weapon)
Armour
 b - a +0 leather armour (worn)
 h - a +1 cloak of poison resistance (worn)
Jewellery
 i - a +4 ring of evasion (left hand)
Wands
 g - a wand of digging (3)
Scrolls
 c - a scroll of fog
 d - a scroll of magic mapping
 e - a scroll of fear
Potions
 f - a potion of haste


   Skills:
 + Level 3.6 Fighting
 + Level 2.4 Axes
 + Level 2.6 Dodging
 + Level 4.1 Stealth


You couldn't memorise any spells.
You didn't know any spells.
Your spell library was empty.

Dungeon Overview and Level Annotations

Branches:
Dungeon (5/15)             Temple (0/1) D:4

Altars:


Innate Abilities, Weirdness & Mutations

You have a pair of horns on your head.
You reflexively headbutt those who attack you in melee.


Message History

You barely miss the ball python.
The ball python hisses angrily.
Your headbutt misses the ball python. The ball python barely misses you.
You furiously retaliate!
You headbutt the ball python!
You kill the ball python!
The ball python completely misses you. The ball python grabs you.
The ball python constricts you. The dart slug launches a dart at you.
The slug dart hits you.
You see here a ball python corpse.
The ball python's grasp on you weakens, but your attempt to escape fails.
The ball python barely misses you. The ball python constricts you.
You escape the ball python's grasp.
The ball python barely misses you. The ball python grabs you.
The ball python constricts you.
You slash the ball python!
You kill the ball python!
The dart slug launches a dart at you. The slug dart hits you.
You slash the dart slug! You headbutt the dart slug.
You kill the dart slug!
A worm comes into view.
You see here a +4 ring of evasion.
i - a +4 ring of evasion
i - a +4 ring of evasion (left hand)
You hit the worm. Your headbutt misses the worm.
The worm is moderately wounded.
You hit the worm but do no damage.
The worm is moderately wounded.
The worm bites you.
You hit the worm but do no damage.
The worm is moderately wounded.
The worm bites you!
* * * LOW HITPOINT WARNING * * *
You hit the worm. You headbutt the worm!
The worm is almost dead.
You hit the worm.
The worm is almost dead.
The worm bites you!
Ouch! That really hurt!
You die...

#$........##.....
#............#
#........>#
#........##
#(........#
#.........#
#.........#
#.....w...#
#.....@†..#
#.........#
########.## ..#
.### #. #


You could see a worm.

Vanquished Creatures
  A dart slug (D:4)
  2 ball pythons (D:4)
3 creatures vanquished.

Notes
Turn   | Place    | Note
-------+----------+-------------------------------------------
     0 | D:5      | cbfl8 the Minotaur Delver began the quest for the Orb.
     0 | D:5      | Reached XP level 1. HP: 19/19 MP: 0/0
    54 | D:4      | Found a staircase to the Ecumenical Temple.
    93 | D:4      | Mangled by a worm

Illustrated notes

Levels and vault maps discovered:
D:4:      layout_basic, okawaru_gym_becter, minmay_temple_entry_stoned_glass
D:5:      layout_rooms

Action                   || total
-------------------------++-------
Melee: Hand axe          ||     8
       Headbutt          ||     2
Dodge: Dodged            ||     4
